 Dungeon Crawl Stone Soup version 0.23.2-32-g37ab1d4649 (webtiles) character file.

Game seed: 15643249273565050292

276 EcosseEcosse the Covered (level 6, -6/53 HPs)
             Began as a Minotaur Fighter on June 25, 2019.
             Killed by divine providence
             ... invoked by an orc priest
              (11 damage)
             ... on level 4 of the Dungeon.
             The game lasted 00:05:19 (2226 turns).

EcosseEcosse the Covered (Minotaur Fighter)         Turns: 2226, Time: 00:05:20

Health: -6/53      AC:  7    Str: 20    XL:     6   Next: 4%
Magic:  5/5        EV:  8    Int:  5    God:
Gold:   207        SH: 10    Dex: 12    Spells: 5/5 levels left

rFire    . . .     SeeInvis .   q - +0 mace (protect)
rCold    . . .     Gourm    .   c - +0 shield
rNeg     . . .     Faith    .   b - +0 scale mail
rPois    .         Spirit   .   (helmet restricted)
rElec    .         Reflect  .   (no cloak)
rCorr    .         Harm     .   (no gloves)
MR       .....                  (no boots)
Stlth    ..........             (no amulet)
HPRegen  0.17/turn              (no ring)
MPRegen  0.09/turn              (no ring)

@: no status effects
A: retaliatory headbutt, horns 2
a: no special abilities


You were on level 4 of the Dungeon.
You were not hungry.

You visited 1 branch of the dungeon, and saw 4 of its levels.

You collected 207 gold pieces.

Inventory:

Hand Weapons
 a - a +0 war axe
 q - a +0 mace of protection (weapon)
Armour
 b - a +0 scale mail (worn)
 c - a +0 shield (worn)
Jewellery
 n - an uncursed ring of protection from magic {unknown}
Scrolls
 e - 4 scrolls of remove curse {unknown}
 g - a scroll of identify
 i - 3 scrolls of immolation {unknown}
 m - 5 scrolls of magic mapping {unknown}
 o - 2 scrolls of teleportation {unknown}
 p - 2 scrolls of fear {unknown}
 t - a scroll of amnesia {unknown}
 u - a scroll of enchant armour {unknown}
Potions
 d - a potion of might
 h - a potion of degeneration {unknown}
 j - a potion of berserk rage {unknown}
 k - 2 potions of brilliance {unknown}
 l - 4 potions of lignification {unknown}
 r - 3 potions of haste {unknown}
 s - a potion of magic {unknown}
Comestibles
 f - 4 rations


   Skills:
 + Level 4.4 Fighting
 + Level 4.2(4.5) Axes
 + Level 2.2(3.5) Maces & Flails
 + Level 5.0 Armour
 + Level 1.1 Dodging
 + Level 0.1 Stealth
 + Level 5.0 Shields


You had 5 spell levels left.
You didn't know any spells.
Your spell library was empty.

Dungeon Overview and Level Annotations

Branches:
Dungeon (4/15)
 Temple: D:4-7

Altars:


Innate Abilities, Weirdness & Mutations

You reflexively headbutt those who attack you in melee.
You have a pair of horns on your head.


Message History

Your experience leads to an increase in your attributes!
Increase (S)trength, (I)ntelligence, or (D)exterity?
You feel agile.
You barely miss the orc priest. Your headbutt misses the orc priest.
You block the orc priest's attack.
You hit the orc priest. You headbutt the orc priest.
The orc priest is moderately wounded.
The orc priest invokes the aid of Beogh against you.
Beogh smites you!
The orc priest hits you but does no damage.
The orc priest hits you with a +0 hand axe.
* * * LOW HITPOINT WARNING * * *
The orc priest calls upon Beogh to heal the orc priest.
The orc priest's wounds heal themselves!
The orc priest mumbles some strange prayers to Beogh against you.
Beogh smites you!
* * * LOW HITPOINT WARNING * * *
The orc priest invokes the aid of Beogh against you.
Beogh smites you!
You die...

###### ########
############....###......####
#>....)ooo...................
#.##########@...###......###.
#....# #......#... #....#
#......#... #....#
#......#... #....#
#....[.#... #....#
########... ###### #... #...
####


You could see 2 orc priests and an orc.

Vanquished Creatures
  2 hounds
  An orc wizard (D:4)
  Jessica (D:2)
  A worker ant (D:2)
  5 adders
  An ooze (D:1)
  5 worms
  A dart slug (D:1)
  A leopard gecko (D:2)
  6 orcs
  A giant cockroach (D:3)
  8 goblins
  6 hobgoblins
  A jackal (D:3)
  7 kobolds
  4 quokkas
  2 ball pythons
  7 bats
  3 frilled lizards
  A leopard gecko skeleton (D:3)
  6 rats
70 creatures vanquished.

Notes
Turn   | Place    | Note
-------+----------+-------------------------------------------
     0 | D:1      | EcosseEcosse the Minotaur Fighter began the quest for the
                  | Orb.
     0 | D:1      | Reached XP level 1. HP: 19/19 MP: 0/0
   113 | D:1      | Reached XP level 2. HP: 27/27 MP: 1/1
   434 | D:2      | Reached XP level 3. HP: 27/33 MP: 2/2
   666 | D:2      | Reached XP level 4. HP: 36/40 MP: 3/3
   891 | D:2      | Noticed Jessica
   900 | D:2      | Killed Jessica
   978 | D:3      | Reached skill level 1 in Dodging
   978 | D:3      | Reached XP level 5. HP: 43/47 MP: 4/4
  1374 | D:3      | Reached skill level 1 in Maces & Flails
  2161 | D:4      | Reached skill level 5 in Armour
  2219 | D:4      | Reached skill level 5 in Shields
  2219 | D:4      | Reached XP level 6. HP: 32/53 MP: 5/5
  2226 | D:4      | Killed from afar by an orc priest

Skill      XL: |  1  2  3  4  5 |
---------------+----------------+-----
Shields        | 4 5 |  5.0
Fighting       | 4 |  4.4
Armour         | 4 5 |  5.0
Axes           | 3 4 |  4.2
Dodging        | 1 |  1.1
Maces & Flails | 2 |  2.2
Stealth        | |  0.1

Action                   |  1- 3 |  4- 6 || total
-------------------------+-------+-------++-------
Melee: War axe           |    75 |    29 ||   104
       Headbutt          |    10 |    18 ||    28
       Mace              |       |    98 ||    98
  Use: Scroll            |       |     3 ||     3
  Eat: Chunk             |       |     2 ||     2
       Ration            |       |     1 ||     1
Armor: Scale mail        |    47 |    71 ||   118
Dodge: Dodged            |    24 |    54 ||    78
Block: Shield            |    30 |    73 ||   103
